 Dungeon Crawl Stone Soup version 0.29-a0-648-g6b26cc9f40 (webtiles) character file.

Game seed: 5549079385291912238

31 ZappyNine the Skirmisher (level 3, -2/30 HPs)
             Began as a Human Fighter on June 20, 2022.
             Slain by a gnoll
             ... wielding a +0 halberd
              (4 damage)
             ... on level 2 of the Dungeon.
             The game lasted 00:00:59 (1188 turns).

ZappyNine the Skirmisher (Human Fighter)            Turns: 1188, Time: 00:01:00

Health: -2/30      AC:  6    Str: 18    XL:     3   Next: 40%
Magic:  3/3        EV:  9    Int:  8    God:
Gold:   55         SH:  4    Dex: 12    Spells: 2/2 levels left

rFire   . . .      SeeInvis .   a - +0 long sword
rCold   . . .      Faith    .   c - +0 buckler
rNeg    . . .      Spirit   .   b - +0 scale mail
rPois   .          Reflect  .   (no helmet)
rElec   .          Harm     .   (no cloak)
rCorr   .          Rampage  .   (no gloves)
Will    .....                   (no boots)
Stlth   ..........              (no amulet)
HPRegen 0.10/turn               (no ring)
MPRegen 0.08/turn               (no ring)

@: no status effects
A: no striking features
a: no special abilities


You were on level 2 of the Dungeon.
You visited 1 branch of the dungeon, and saw 2 of its levels.

You collected 55 gold pieces.

Inventory:

Hand Weapons
 a - a +0 long sword (weapon)
Armour
 b - a +0 scale mail (worn)
 c - a +0 buckler (worn)
Jewellery
 h - a ring of wizardry
Scrolls
 e - 2 scrolls of noise {unknown}
 f - 2 scrolls of identify {unknown}
 k - a scroll of blinking {unknown}
Potions
 d - a potion of might
 g - a potion of flight {unknown}
 i - a potion of invisibility {unknown}
 j - a potion of attraction {unknown}


   Skills:
 + Level 3.6 Fighting
 + Level 2.9 Long Blades
 - Level 3.0 Armour
 - Level 3.0 Shields


You had 2 spell levels left.
You didn't know any spells.
Your spell library contained the following spells:

 Spells                   Type           Power      Damage    Failure   Level
 Summon Small Mammal      Summ           0%         N/A       87%         1
 Anguish                  Hex/Necr       0%         N/A       100%        4
 Simulacrum               Ice/Necr       0%         N/A       100%        6
 Necromutation            Tmut/Necr      0%         N/A       100%        8


Dungeon Overview and Level Annotations

Branches:
Dungeon (2/15)

Altars:


Message History

No target in view!
No target in view!
No target in view!
No target in view!
No target in view!
No target in view!
Found an escape hatch in the ceiling.
Things that are here:
a +0 dagger; a goblin corpse
Found a stone staircase leading down.
There is a stone staircase leading down here. 2 gnolls come into view.
The gnoll shouts! x2; You hear a shout!
A gnoll comes into view. It is wielding a +0 spear.
The gnoll moves out of view.
You hear a shout!
There are monsters nearby!
A gnoll comes into view. It is wielding a +0 halberd.
The gnoll shouts!
The gnoll hits you from afar with a +0 spear!
You hit the gnoll.
The gnoll is heavily wounded.
The gnoll barely misses you. The gnoll hits you with a +0 halberd.
You barely miss the gnoll.
The gnoll is heavily wounded.
The gnoll hits you with a +0 halberd!
* * * LOW HITPOINT WARNING * * *
The gnoll hits you from afar with a +0 spear.
* * * LOW HITPOINT WARNING * * *
You are too injured to fight recklessly!
You are too injured to fight recklessly!
You are too injured to fight recklessly!
You are too injured to fight recklessly!
You are too injured to fight recklessly!
You are too injured to fight recklessly!
Unknown command.
The gnoll attacks as you move away! The gnoll hits you with a +0 halberd.
* * * LOW HITPOINT WARNING * * *
The gnoll hits you from afar with a +0 halberd.
You die... ..# ##.##### #.# #.# #.####.# ....##.# #.#.##.# ###### .......# ..... ....#### gg.

.##.#
###########.#####.
....#
#........@gg......
.##.#
#.####>.#.#..####.
.##.#
#.##......#.....
....#
#.##.#..###.......
#####
#.##.#.......#####
# #.......######
########.......#
......##.##.##.#
#####.##.##.# .#


You could see 3 gnolls.

Vanquished Creatures
  2 ball pythons (D:1)
  4 bats (D:1)
  2 endoplasms (D:1)
  3 giant cockroaches (D:1)
  4 goblins
  2 hobgoblins (D:1)
  A quokka (D:1)
  4 frilled lizards
  A kobold (D:1)
  6 rats
29 creatures vanquished.

Notes
Turn   | Place    | Note
-------+----------+-------------------------------------------
     0 | D:1      | ZappyNine the Human Fighter began the quest for the Orb.
     0 | D:1      | Reached XP level 1. HP: 18/18 MP: 1/1
    55 | D:1      | Reached XP level 2. HP: 23/24 MP: 2/2
   643 | D:1      | Reached XP level 3. HP: 27/29 MP: 3/3
   694 | D:1      | Got the Collected Works on Summoning and Stolen Souls
  1188 | D:2      | Slain by a gnoll

Illustrated notes

Levels and vault maps discovered:
D:1:      evilmike_arrival_hilbert_curve, layout_basic
D:2:      layout_loops_cross, serial_shops, nicolae_shop_advertising_works
          [nicolae_subvault_shop_adworks], shapermc_ecumenical_altar_ellora

Action                   || total
-------------------------++-------
Melee: Long sword        ||    95
Armor: Scale mail        ||    44
Dodge: Dodged            ||    38
Block: Buckler           ||    15

Table legend: (Time is in decaauts)
 A = Elapsed time spent in this place.
 B = Non-inter-level travel time spent in this place.
 C = Inter-level travel time spent in this place.
 D = Time resting spent in this place.
 E = Time spent auto-exploring this place.
 F = Levels seen in this place.
 G = Mean time per level.
                   A        B        C        D        E       F      G
               +--------+--------+--------+--------+--------+-----+--------+
         Total |   1219 |   1182 |     37 |    192 |    742 |   2 |  609.5 |
       Dungeon |   1219 |   1182 |     37 |    192 |    742 |   2 |  609.5 |
               +--------+--------+--------+--------+--------+-----+--------+

Top non-repeatable levels by time:
     D:1: 963 daAuts
     D:2: 256 daAuts
